SA
CONNETQUOT CHIEFS @ PHOENIX HOTSPUR U-21
07/19/2025
 
TOP OF THE 1ST
Connetquot Chiefs batting - Pitching for Phoenix Hotspur U-21 : LHP Ismael Lara
Pitching: LHP Ismael Lara
Batting: RHB Dale Quick 0-0: Ball
1-0: Ground out 5-3 (Groundball, 5)
Batting: RHB Serafino Miceli 0-0: Called Strike
0-1: Ball
1-1: Swinging Strike
1-2: Strikes out swinging
Batting: RHB Jim Unknown 0-0: Ball
1-0: Ball
2-0: Called Strike
2-1: Ball
3-1: Base on Balls
Batting: LHB Steve Sconiers 0-0: Ball
1-0: Ball
2-0: Called Strike
2-1: Ball
3-1: Base on Balls
Jim Unknown to second
Batting: RHB Sang Hong-Do 0-0: Fielders Choice at 2nd, 6-4 (Groundball, 56)
Top of the 1st over - 0 run(s), 0 hit(s), 0 error(s), 1 left on base; Connetquot 0 - Phoenix 0
BOTTOM OF THE 1ST
Phoenix Hotspur U-21 batting - Pitching for Connetquot Chiefs : RHP Jim Davis
Pitching: RHP Jim Davis
Batting: RHB Solomon Norment 0-0: Called Strike
0-1: Called Strike
0-2: Ball
1-2: Ball
2-2: Ball
3-2: Foul Ball, location: 2F
3-2: Base on Balls
Batting: RHB Germán Alfaro 0-0: Ball
1-0: Fly out, F7 (Flyball, 7LMF)
Batting: LHB Roberto Fierro 0-0: Swinging Strike
0-1: DOUBLE (Groundball, 3L)
Solomon Norment to third
Runner from 3rd tries for Home, SAFE, no throw
Batting: RHB Rubén Andrada 0-0: Ball
1-0: Called Strike
1-1: Fly out, F7 (Flyball, 7)
Batting: RHB Hieronymus Bosch 0-0: Ball
1-0: Called Strike
1-1: Called Strike
1-2: Ball
2-2: Ball
3-2: Ground out 5-3 (Groundball, 5)
Bottom of the 1st over - 1 run(s), 1 hit(s), 0 error(s), 1 left on base; Connetquot 0 - Phoenix 1
TOP OF THE 2ND
Connetquot Chiefs batting - Pitching for Phoenix Hotspur U-21 : LHP Ismael Lara
Batting: RHB Otis Brewer 0-0: Called Strike
0-1: Fly out, F6 (Flyball, 6MD)
Batting: RHB Javier Cordero 0-0: Called Strike
0-1: Ball
1-1: Ball
2-1: SINGLE (Groundball, 34D)
Batting: RHB Emanuel Bree 0-0: Foul Ball, location: 2F
0-1: Fly out, F8 (Flyball, 78D)
Batting: SHB Josh Sanders 0-0: Called Strike
Javier Cordero is caught stealing 2nd base
Top of the 2nd over - 0 run(s), 1 hit(s), 0 error(s), 0 left on base; Connetquot 0 - Phoenix 1
BOTTOM OF THE 2ND
Phoenix Hotspur U-21 batting - Pitching for Connetquot Chiefs : RHP Jim Davis
Batting: RHB Takashi Miike 0-0: Ball
1-0: Bunt for hit - play at first, batter OUT! 5-3
Batting: LHB Tyler Kinjeketile 0-0: Called Strike
0-1: Ball
1-1: Ball
2-1: Foul Ball, location: 2F
2-2: Strikes out swinging
Batting: RHB Juan Negrete 0-0: Swinging Strike
0-1: Swinging Strike
0-2: Strikes out looking
Bottom of the 2nd over - 0 run(s), 0 hit(s), 0 error(s), 0 left on base; Connetquot 0 - Phoenix 1
TOP OF THE 3RD
Connetquot Chiefs batting - Pitching for Phoenix Hotspur U-21 : LHP Ismael Lara
Batting: SHB Josh Sanders 0-0: Called Strike
0-1: Ball
1-1: Bunt missed!
1-2: Ground out 6-3 (Groundball, 56)
Batting: RHB Dale Quick 0-0: Ball
1-0: Called Strike
1-1: Ball
2-1: Foul Ball, location: 2F
2-2: Ball
3-2: Base on Balls
Batting: RHB Serafino Miceli 0-0: Ball
1-0: Swinging Strike
1-1: Ball
2-1: Ground out 5-3 (Groundball, 5S)
Dale Quick to second
Batting: RHB Jim Unknown 0-0: Ball
1-0: Called Strike
1-1: Called Strike
1-2: Strikes out swinging
Top of the 3rd over - 0 run(s), 0 hit(s), 0 error(s), 1 left on base; Connetquot 0 - Phoenix 1
BOTTOM OF THE 3RD
Phoenix Hotspur U-21 batting - Pitching for Connetquot Chiefs : RHP Jim Davis
Batting: RHB Bill Erickson 0-0: Ball
1-0: Swinging Strike
1-1: Swinging Strike
1-2: Ball
2-2: Strikes out swinging
Batting: RHB Solomon Norment 0-0: Called Strike
0-1: Ball
1-1: Ball
2-1: Foul Ball, location: 2F
2-2: Ball
3-2: Foul Ball, location: 2F
3-2: Fly out, F7 (Flyball, 7)
Batting: RHB Germán Alfaro 0-0: Called Strike
0-1: Ball
1-1: Fly out, F4 (Popup, 4)
Bottom of the 3rd over - 0 run(s), 0 hit(s), 0 error(s), 0 left on base; Connetquot 0 - Phoenix 1
TOP OF THE 4TH
Connetquot Chiefs batting - Pitching for Phoenix Hotspur U-21 : LHP Ismael Lara
Batting: LHB Steve Sconiers 0-0: Called Strike
0-1: Ball
1-1: Swinging Strike
1-2: Strikes out swinging
Batting: RHB Sang Hong-Do 0-0: Ground out 4-3 (Groundball, 4)
Batting: RHB Otis Brewer 0-0: Ball
1-0: Foul Ball, location: 2F
1-1: Fly out, F8 (Flyball, 8LXD)
Top of the 4th over - 0 run(s), 0 hit(s), 0 error(s), 0 left on base; Connetquot 0 - Phoenix 1
BOTTOM OF THE 4TH
Phoenix Hotspur U-21 batting - Pitching for Connetquot Chiefs : RHP Jim Davis
Batting: LHB Roberto Fierro 0-0: Ball
1-0: Called Strike
1-1: Foul Ball, location: 2F
1-2: Ball
2-2: Strikes out swinging
Batting: RHB Rubén Andrada 0-0: Called Strike
0-1: Foul Ball, location: 2F
0-2: Fly out, F3 (Popup, 34)
Batting: RHB Hieronymus Bosch 0-0: Swinging Strike
0-1: Foul Ball, location: 2F
0-2: Ball
1-2: Foul Ball, location: 2F
1-2: Strikes out swinging
Bottom of the 4th over - 0 run(s), 0 hit(s), 0 error(s), 0 left on base; Connetquot 0 - Phoenix 1
TOP OF THE 5TH
Connetquot Chiefs batting - Pitching for Phoenix Hotspur U-21 : LHP Ismael Lara
Batting: RHB Javier Cordero 0-0: Fly out, F7 (Flyball, 7)
Batting: RHB Emanuel Bree 0-0: Called Strike
0-1: Called Strike
0-2: Foul Ball, location: 2F
0-2: Ball
1-2: Ball
2-2: Ball
3-2: Base on Balls
Batting: SHB Josh Sanders 0-0: Called Strike
0-1: Ball
1-1: Ball
2-1: Ball
3-1: Swinging Strike
3-2: Strikes out swinging
Batting: RHB Dale Quick 0-0: Ball
1-0: Ball
2-0: Called Strike
2-1: Called Strike
2-2: Fielders Choice at 2nd, 6-4 (Groundball, 6)
Top of the 5th over - 0 run(s), 0 hit(s), 0 error(s), 0 left on base; Connetquot 0 - Phoenix 1
BOTTOM OF THE 5TH
Phoenix Hotspur U-21 batting - Pitching for Connetquot Chiefs : RHP Jim Davis
Batting: RHB Takashi Miike 0-0: Ball
1-0: Bunt for hit - play at first, batter safe!
Batting: LHB Tyler Kinjeketile 0-0: Bunt missed!
0-1: Bunted foul
0-2: Grounds into double play, 4-6-3 (Groundball, 4M)
Batting: RHB Juan Negrete 0-0: Ground out 5-3 (Groundball, 5S)
Bottom of the 5th over - 0 run(s), 1 hit(s), 0 error(s), 0 left on base; Connetquot 0 - Phoenix 1
TOP OF THE 6TH
Connetquot Chiefs batting - Pitching for Phoenix Hotspur U-21 : LHP Ismael Lara
Batting: RHB Serafino Miceli 0-0: Swinging Strike
0-1: Ground out 6-3 (Groundball, 6)
Batting: RHB Jim Unknown 0-0: Called Strike
0-1: Ball
1-1: Ball
2-1: Foul Ball, location: 2F
2-2: Strikes out swinging
Batting: LHB Steve Sconiers 0-0: Ball
1-0: Ball
2-0: Ground out 4-3 (Groundball, 4)
Top of the 6th over - 0 run(s), 0 hit(s), 0 error(s), 0 left on base; Connetquot 0 - Phoenix 1
BOTTOM OF THE 6TH
Phoenix Hotspur U-21 batting - Pitching for Connetquot Chiefs : RHP Jim Davis
Batting: RHB Bill Erickson 0-0: Ball
1-0: Ground out 6-3 (Groundball, 6S)
Batting: RHB Solomon Norment 0-0: Ball
1-0: Swinging Strike
1-1: Ground out 3-1 (Groundball, 34S)
Batting: RHB Germán Alfaro 0-0: Swinging Strike
0-1: Ball
1-1: Ball
2-1: SINGLE (Groundball, 56D)
Batting: LHB Roberto Fierro 0-0: Ball
1-0: Ball
2-0: Swinging Strike
2-1: Fly out, F8 (Line Drive, 78M)
Bottom of the 6th over - 0 run(s), 1 hit(s), 0 error(s), 1 left on base; Connetquot 0 - Phoenix 1
TOP OF THE 7TH
Connetquot Chiefs batting - Pitching for Phoenix Hotspur U-21 : LHP Ismael Lara
Batting: RHB Sang Hong-Do 0-0: Ball
1-0: Swinging Strike
1-1: Fly out, F6 (Line Drive, 56)
Batting: RHB Otis Brewer 0-0: Foul Ball, location: 2F
0-1: Ball
1-1: Ball
2-1: SINGLE (Groundball, 56D)
Pinch Hitting: RHB Jesús Quintana 0-0: Called Strike
0-1: Fly out, F7 (Flyball, 78S)
Batting: RHB Emanuel Bree 0-0: Swinging Strike
0-1: Foul Ball, location: 2F
0-2: Strikes out looking
Top of the 7th over - 0 run(s), 1 hit(s), 0 error(s), 1 left on base; Connetquot 0 - Phoenix 1
BOTTOM OF THE 7TH
Phoenix Hotspur U-21 batting - Pitching for Connetquot Chiefs : RHP Jim Davis
Now at 3B: Ed Gambrell
Batting: RHB Rubén Andrada 0-0: Foul Ball, location: 2F
0-1: Called Strike
0-2: Strikes out looking
Batting: RHB Hieronymus Bosch 0-0: Called Strike
0-1: Ball
1-1: Fly out, F6 (Popup, 4MD)
Batting: RHB Takashi Miike 0-0: Ball
1-0: Foul Ball, location: 2F
1-1: Ball
2-1: Ball
3-1: Base on Balls
Batting: LHB Tyler Kinjeketile 0-0: Called Strike
0-1: Ball
1-1: Ball
2-1: Swinging Strike
2-2: Fly out, F3 (Popup, 4S)
Bottom of the 7th over - 0 run(s), 0 hit(s), 0 error(s), 1 left on base; Connetquot 0 - Phoenix 1
TOP OF THE 8TH
Connetquot Chiefs batting - Pitching for Phoenix Hotspur U-21 : LHP Ismael Lara
Now at SS: Juan Román
Now in LF: Bernardo Rivera
Batting: SHB Josh Sanders 0-0: Called Strike
0-1: Foul Ball, location: 2F
0-2: Ground out U3 (Groundball, 34S)
Batting: RHB Dale Quick 0-0: Ground out 4-3 (Groundball, 4S)
Batting: RHB Serafino Miceli 0-0: SINGLE (Flyball, 89S)
Batting: RHB Jim Unknown 0-0: Ball
1-0: Fly out, F8 (Flyball, 8RM)
Top of the 8th over - 0 run(s), 1 hit(s), 0 error(s), 1 left on base; Connetquot 0 - Phoenix 1
BOTTOM OF THE 8TH
Phoenix Hotspur U-21 batting - Pitching for Connetquot Chiefs : RHP Jim Davis
Batting: RHB Juan Negrete 0-0: Foul Ball, location: 2F
0-1: Swinging Strike
0-2: Ball
1-2: Strikes out looking
Batting: RHB Bill Erickson 0-0: Ball
1-0: Ball
2-0: Called Strike
2-1: Swinging Strike
2-2: Ball
3-2: Strikes out looking
Batting: RHB Solomon Norment 0-0: Foul Ball, location: 2F
0-1: Called Strike
0-2: Foul Ball, location: 2F
0-2: Strikes out swinging
Bottom of the 8th over - 0 run(s), 0 hit(s), 0 error(s), 0 left on base; Connetquot 0 - Phoenix 1
TOP OF THE 9TH
Connetquot Chiefs batting - Pitching for Phoenix Hotspur U-21 : LHP Ismael Lara
Pitching: RHP Richard Osborn
Now at 1B: Juan Rivera
Batting: LHB Steve Sconiers 0-0: Ground out 4-3 (Groundball, 4)
Batting: RHB Sang Hong-Do 0-0: Fly out, F8 (Line Drive, 8RD)
Batting: RHB Otis Brewer 0-0: Called Strike
0-1: Ball
1-1: Ball
2-1: Swinging Strike
2-2: Strikes out swinging
Top of the 9th over - 0 run(s), 0 hit(s), 0 error(s), 0 left on base; Connetquot 0 - Phoenix 1
Friday, December 30th, 2016 - OOTP Baseball 17.12 Build 75